 Dungeon Crawl Stone Soup version 0.30-a0-1043-g60ff8d5f49 (webtiles) character file.

Game seed: 2069009349558295393

294 mandoloar the Insei (level 6, 0/41 HPs)
             Began as an Octopode Transmuter on Apr 11, 2023.
             Killed from afar by Duvessa (17 damage)
             ... with a bolt of light
             ... on level 4 of the Dungeon.
             The game lasted 00:08:44 (3703 turns).

mandoloar the Insei (Octopode Transmuter)           Turns: 3703, Time: 00:08:45

Health: 0/41       AC:  1    Str:  9    XL:     6   Next: 34%
Magic:  19/19      EV: 13    Int: 18    God:
Gold:   141        SH:  0    Dex: 12    Spells: 4/11 levels left

rFire   + . .      SeeInvis .      - Unarmed
rCold   . . .      Faith    .    (no shield)
rNeg    + . .      Spirit   .    (helmet currently unavailable)
rPois   .          Reflect  .    (no amulet)
rElec   .          Rampage  .    g - ring of positive energy
rCorr   .                        k - ring of magical power
Will    .....                    p - ring of protection from fire
Stlth   ++                       (no ring)
HPRegen 0.26/turn                (no ring)
MPRegen 0.16/turn                (no ring)
                                 (no ring)
                                 (no ring)

@: lethally poisoned (0 -> -4), appendages
A: tentacle spike 3, almost no armour, amphibious, 8 rings, camouflage 1,
gelatinous body 1, (nimble swimmer 1), tentacles
a: End Transformation


You were on level 4 of the Dungeon.
One of your tentacles had grown a beastly spike.
You visited 1 branch of the dungeon, and saw 4 of its levels.

You collected 141 gold pieces.

Inventory:

Missiles
 d - a throwing net
 f - 33 stones
 o - 8 boomerangs
Jewellery
 g - a ring of positive energy (left tentacle)
 k - a ring of magical power (right tentacle)
 p - a ring of protection from fire (on tentacle)
Scrolls
 c - 2 scrolls of blinking
Potions
 a - a potion of lignification
 e - a potion of brilliance
 i - 2 potions of haste
 j - a potion of attraction
 l - 2 potions of resistance {unknown}
 m - a potion of invisibility {unknown}
 n - 4 potions of curing


   Skills:
 + Level 2.5 Fighting
 + Level 3.2 Dodging
 + Level 3.8 Unarmed Combat
 + Level 3.1 Spellcasting
 + Level 3.1 Transmutations
 + Level 2.0 Ice Magic


You had 4 spell levels left.
You knew the following spells:

 Your Spells              Type           Power      Damage    Failure   Level
a - Beastly Appendage     Tmut           28%        N/A       4%          1
b - Wereblood             Tmut           14%        N/A       7%          2
c - Ice Form              Ice/Tmut       12%        N/A       50%         4

Your spell library contained the following spells:

 Spells                   Type           Power      Damage    Failure   Level
 Kiss of Death            Conj/Necr      8%         2d6       16%         1
 Spider Form              Tmut/Pois      8%         N/A       26%         3
 Confusing Touch          Hex            2%         N/A       43%         3
 Dispel Undead            Necr           2%         3d7       85%         4
 Summon Forest            Summ/Tloc      1%         N/A       99%         5
 Eringya's Noxious Bog    Tmut/Pois      4%         N/A       100%        6
 Summon Hydra             Summ           1%         N/A       100%        7


Dungeon Overview and Level Annotations

Branches:
Dungeon (4/15)
 Temple: D:4-7

Altars:
Gozag

Annotations:
D:4 Dowan, Duvessa


Innate Abilities, Weirdness & Mutations

One of your tentacles has grown a beastly spike.
You cannot wear most types of armour.
You are amphibious.
You can wear up to eight rings at the same time.
Your skin changes colour to match your surroundings (Stealth+).
Your rubbery body absorbs attacks. (AC +1, EV +1)
((You are camouflaged when in or above water. (Stealth+)))
You have tentacles for arms and can constrict up to eight enemies at once.


Message History

You constrict the black bear. The black bear closely misses you.
The black bear claws you. x2
You tentacle-slap the black bear.
You pierce the black bear.
You squeeze the black bear.
You kill the black bear!
Your Spellcasting skill increases to level 3!
Your Transmutations skill increases to level 3!
Your Ice Magic skill increases to level 2!
You have reached level 6!
You start resting.
Magic restored.
Your transformation is almost over.
Your tentacle spike disappears.
HP restored.
You see here a black bear corpse.
Duvessa, Sister of Dowan comes into view.
She is wielding a +1 short sword of venom and carrying a wand of light (11).
Duvessa shouts!
You hear a shout!
You see here a black bear corpse.
There is a stone staircase leading up here.
One of your tentacles grows a vicious spike.
Duvessa zaps a wand.
The bolt of light hits you!
You are confused.
Duvessa misses you.
You bump into the rock wall.
You feel less confused.
Duvessa hits you with a +1 short sword of venom.
You are poisoned.
You completely miss Duvessa. You grab Duvessa.
You pierce Duvessa, but do no damage.
You squeeze Duvessa!
Duvessa is lightly wounded.
You constrict Duvessa, but do no damage.
You feel very sick.
You tentacle-slap Duvessa.
Duvessa is moderately wounded.
You constrict Duvessa, but do no damage.
You feel sick. Duvessa misses you.
Dowan, Brother of Duvessa comes into view.
He is wielding a +4 antimagic dagger.
You release your grip on Duvessa.
You feel sick.
Duvessa zaps a wand.
The bolt of light hits you!
You die...

#............#
#.......##...#
#.###.....####...#
.................
########....##....
#..e†.............
##e#####....##...
#.# #....# .. #@#
#......# # ###
#......# #....e.#
#......# #........
#........


You could see Duvessa and Dowan.

Vanquished Creatures
  A black bear (D:4)
  An iguana (D:3)
  3 gnolls (D:2)
  7 adders
  A worm (D:3)
  2 dart slugs
  2 orcs (D:3)
  4 endoplasms
  A giant cockroach (D:1)
  7 hobgoblins
  4 jackals
  3 quokkas
  3 ball pythons
  10 bats
  3 frilled lizards (D:2)
  11 goblins
  11 kobolds
  8 rats
82 creatures vanquished.

Vanquished Creatures (others)
  A plant (D:1)
1 creature vanquished.

Grand Total: 83 creatures vanquished

Notes
Turn   | Place    | Note
-------+----------+-------------------------------------------
     0 | D:1      | mandoloar the Octopode Transmuter began the quest for the
                  | Orb.
     0 | D:1      | Reached XP level 1. HP: 13/13 MP: 3/3
    96 | D:1      | Reached XP level 2. HP: 15/18 MP: 3/5
   661 | D:1      | Reached XP level 3. HP: 23/23 MP: 6/6
  1461 | D:2      | Reached skill level 1 in Ice Magic
  1481 | D:2      | Reached XP level 4. HP: 26/29 MP: 5/7
  1493 | D:2      | Learned a level 2 spell: Wereblood
  1498 | D:2      | Learned a level 4 spell: Ice Form
  1897 | D:2      | Reached XP level 5. HP: 34/34 MP: 6/8
  2008 | D:2      | Found an opulent altar of Gozag.
  3188 | D:3      | Found a faded altar of an unknown god.
  3598 | D:4      | Noticed a black bear
  3616 | D:4      | Killed a black bear
  3617 | D:4      | Reached XP level 6. HP: 24/41 MP: 10/10
  3684 | D:4      | Noticed Duvessa
  3702 | D:4      | Noticed Dowan
  3703 | D:4      | Killed from afar by Duvessa

Illustrated notes

Levels and vault maps discovered:
D:1:      giann_forest_graveyard, layout_loops_ring, serial_forest,
          infiniplex_forest_clump_cross, infiniplex_forest_split,
          infiniplex_forest_clump_long, infiniplex_forest_join,
          infiniplex_forest_lined_3_way, infiniplex_forest_corner_1,
          infiniplex_forest_lined_2
D:2:      wad_river_or_something, layout_rooms, basic_altar,
          minmay_increasing_density
D:3:      layout_basic, shapermc_ecumenical_altar_mp_highgroup
D:4:      layout_basic, serial_shops, nicolae_square_shop, uniq_duvessa

Skill      XL: |  1  2  3  4  5 |
---------------+----------------+-----
Ice Magic      | 1 2 |  2.0
Fighting       | 2 |  2.5
Dodging        | 3 |  3.2
Spellcasting   | 3 |  3.1
Transmutations | 3 |  3.1
Unarmed Combat | |  3.8

Action                     |  1- 3 |  4- 6 || total
---------------------------+-------+-------++-------
  Melee: Unarmed           |    84 |    97 ||   181
         Constrict         |    23 |    24 ||    47
         Tentacles         |    31 |    26 ||    57
         Kick              |    15 |    38 ||    53
         Punch             |     2 |     3 ||     5
  Throw: Stone             |     3 |     3 ||     6
   Cast: Beastly Appendage |    23 |    34 ||    57
         Wereblood         |       |     1 ||     1
    Use: Potion            |     1 |       ||     1
         Scroll            |       |    11 ||    11
   Stab: Distracted        |     1 |       ||     1
         Sleeping          |       |     4 ||     4
 Armour: Skin              |    12 |     9 ||    21
  Dodge: Dodged            |    60 |    55 ||   115

Table legend: (Time is in decaauts)
 A = Elapsed time spent in this place.
 B = Non-inter-level travel time spent in this place.
 C = Inter-level travel time spent in this place.
 D = Time resting spent in this place.
 E = Time spent auto-exploring this place.
 F = Levels seen in this place.
 G = Mean time per level.
                   A        B        C        D        E       F      G
               +--------+--------+--------+--------+--------+-----+--------+
         Total |   3694 |   3472 |    222 |    711 |   2106 |   4 |  923.5 |
       Dungeon |   3694 |   3472 |    222 |    711 |   2106 |   4 |  923.5 |
               +--------+--------+--------+--------+--------+-----+--------+

Top non-repeatable levels by time:
     D:1: 1338 daAuts
     D:2: 1314 daAuts
     D:3: 849 daAuts
     D:4: 191 daAuts
